AoeStats
← 76896859

Arabia

509927565Analyzed
1v1 RM · 3d ago on Sep 28, 2026· 32m 37s· 2 players
Game mode
Random Map
Map size
Tiny (2 player)
Population
200
Speed
Normal
Resources
Standard
Victory
Conquest
Starting age
Dark Age
Ending age
Imperial Age
RankedLock teamsTeams togetherTeam positionsShared explorationLock speedFull tech treeHidden civsTurbo modeCheats
Victory
Defeat
🇦🇷 Ethiopians · Argentina
1063
+15
🇨🇳 Huns · China
1041
-15
76896859
4:14 Loom
9:29 Feudal Age
10:13 Double-Bit Axe
10:14 Horse Collar
17:31 Wheelbarrow
20:31 Fletching
20:37 Gold Mining
24:00 Castle Age
22:42 Bloodlines
22:39 Scale Barding Armor
24:26 Forging
25:47 Gold Shaft Mining
27:41 Heavy Plow
27:53 Bow Saw
nicolahsxas
3:00 Loom
10:14 Feudal Age
14:50 Double-Bit Axe
20:31 Castle Age
18:42 Gold Mining
24:58 Fletching
28:09 Crossbowman
Connection lost

Rejoining the realm…

Still unreachable

The connection could not be restored.

Session expired

The server has moved on; the page needs a fresh start.